 Dungeon Sprint DCSS version 0.15-a0-1004-gbf4e2e6 (webtiles) character file.

2914 MDvedh the Markscentaur (level 9, -3/94 HPs)
             Began as a Centaur Hunter on May 25, 2014.
             Was an Elder of Okawaru.
             Slain by a black mamba (5 damage)
             ... in the Dungeon (Sprint IX: "|||||||||||||||||||||||||||||").
             The game lasted 00:05:04 (1611 turns).

MDvedh the Markscentaur (Centaur Hunter)            Turns: 1611, Time: 00:05:04

HP  -3/94        AC 13     Str 17      XL: 9   Next: 50%
MP   7/7         EV  6     Int 10      God: Okawaru [****..]
Gold 0           SH  0     Dex 11      Spells:  0 memorised,  8 levels left

rFire  . . .     SeeInvis .       - Unarmed
rCold  . . .     Clarity  .     r - +1 scale mail
rNeg   . . .     Conserve .     (no shield)
rPois  .         rCorr    .     q - +0 helmet
rElec  .         rRot     .     (no cloak)
SustAb .         Spirit   .     (no gloves)
rMut   .         Warding  .     (no barding)
Gourm  .         NoTele   +     (no amulet)
MR     .....                    t - +2 ring of protection
                                s - +2 ring of protection

@: lethally poisoned, very quick, not resistant to hostile enchantments,
extremely unstealthy
A: hooves 3, deformed body, speed 2, tough skin 3
a: Heroism, Renounce Religion


You were in the Dungeon.
You worshipped Okawaru.
Okawaru was greatly pleased with you.
You were not hungry.

You visited 1 branch

Inventory:

Hand weapons
 a - a +0,+0 short sword
 b - a +1,+1 shortbow
Armour
 d - a +0 leather armour
 q - a +0 helmet (worn)
 r - a +1 scale mail (worn)
Magical devices
 p - a wand of cold (7)
Scrolls
 j - 2 scrolls of identify
 m - 3 scrolls of remove curse
 n - 2 scrolls of amnesia
 o - 2 scrolls of blinking
 u - 2 scrolls of fog
 v - a scroll of enchant weapon III
Jewellery
 s - a +2 ring of protection (left hand)
 t - a +2 ring of protection (right hand)
Potions
 e - 4 potions of curing
 f - 2 potions of brilliance
 g - a potion of berserk rage
 h - a potion of haste
 i - 4 potions of magic
 l - a potion of invisibility


   Skills:
 + Level 13.9 Fighting
 + Level 18.0 Bows
 + Level 4.1 Armour
 - Level 1.3 Dodging
 - Level 0.5 Stealth
 - Level 6.7 Unarmed Combat


You had 8 spell levels left.
You didn't know any spells.

Dungeon Overview and Level Annotations

Branches:
Dungeon (1/1)

Altars:
Cheibriados
Dithmenos
Elyvilon
Fedhas
Gozag
Kikubaaqudgha
Makhleb
Nemelex Xobeh
Okawaru
Qazlal
Sif Muna
Trog
Vehumet
Xom
Yredelemnul
Zin
The Shining One
Beogh
Jiyva
Lugonu


Innate Abilities, Weirdness & Mutations

You have hooves in place of feet.
Armour fits poorly on your strangely shaped body.
You cover ground very quickly.
You have extremely tough skin (AC +3).


Message History

The black mamba bites you.
* * * LOW HITPOINT WARNING * * *
You are poisoned.
The black mamba poisons you! The black mamba bites you!
* * * LOW HITPOINT WARNING * * *
You are more poisoned.
The black mamba poisons you!
Wield which item (- for none, * to show all)? (? for menu, Esc to quit)
You are now empty-handed.
* * * LOW HITPOINT WARNING * * *
You feel sick.
You hit the black mamba. Your kick misses the black mamba.
The black mamba is lightly wounded.
* * * LOW HITPOINT WARNING * * *
You feel very sick. The black mamba bites you.
* * * LOW HITPOINT WARNING * * *
You are more poisoned.
The black mamba poisons you! The black mamba bites you.
You die...

▓.▓.▓.▓
▓.▓.▓.▓
▓.▓.▓.▓
▓.▓.▓%▓
▓)▓.▓.▓
▓.▓.▓.▓
▓.▓.▓b▓
▓.▓.▓S▓
▓.▓.▓@▓
▓.▓.▓.▓
▓<▓...▓
▓▓▓▓▓▓▓


You could see a black mamba and a bat.

Vanquished Creatures
  A tengu warrior (D)
  2 komodo dragons (D)
  A spiny frog (D)
  A two-headed ogre (D)
  A trapdoor spider (D)
  2 yaks (D)
  A wyvern (D)
  A hippogriff (D)
  A soldier ant (D)
  An ogre (D)
  A centaur (D)
  2 crocodiles (D)
  A giant frog (D)
  A killer bee (D)
  2 crimson imps (D)
  A bat zombie (D)
  3 hobgoblins (D)
  A giant gecko (D)
  2 goblins (D)
  3 rats (D)
29 creatures vanquished.

Notes
Turn   | Place    | Note
--------------------------------------------------------------
     0 | D        | MDvedh, the Centaur Hunter, began the quest for the Orb.
     0 | D        | Reached XP level 1. HP: 16/16 MP: 1/1
    10 | D        | Reached skill level 6 in Bows
    86 | D        | Noticed a centaur
    86 | D        | Noticed a crimson imp
    93 | D        | Reached XP level 2. HP: 22/25 MP: 2/2
    96 | D        | Killed a crimson imp
    96 | D        | Reached skill level 8 in Bows
    96 | D        | Reached XP level 3. HP: 21/34 MP: 3/3
   104 | D        | Killed a centaur
   104 | D        | Reached skill level 10 in Bows
   104 | D        | Reached XP level 4. HP: 17/45 MP: 3/3
   316 | D        | Found a glowing silver altar of Zin.
   316 | D        | Found a glowing golden altar of the Shining One.
   316 | D        | Found an ancient bone altar of Kikubaaqudgha.
   316 | D        | Found a basalt altar of Yredelemnul.
   316 | D        | Found a shimmering altar of Xom.
   316 | D        | Found a radiant altar of Vehumet.
   316 | D        | Found an iron altar of Okawaru.
   317 | D        | Found a burning altar of Makhleb.
   318 | D        | Found a deep blue altar of Sif Muna.
   319 | D        | Found a bloodstained altar of Trog.
   320 | D        | Found a sparkling altar of Nemelex Xobeh.
   321 | D        | Found a white marble altar of Elyvilon.
   322 | D        | Found a roughly hewn altar of Beogh.
   323 | D        | Found a viscous altar of Jiyva.
   324 | D        | Found a corrupted altar of Lugonu.
   325 | D        | Became a worshipper of Warmaster Okawaru
   354 | D        | Found a blossoming altar of Fedhas.
   355 | D        | Found a snail-covered altar of Cheibriados.
   356 | D        | Found a shadowy altar of Dithmenos.
   357 | D        | Found a stormy altar of Qazlal.
   358 | D        | Found an opulent altar of Gozag.
   399 | D        | Noticed a hippogriff
   399 | D        | Noticed a killer bee
   399 | D        | Noticed an ogre
   399 | D        | Noticed a yak
   410 | D        | Killed a yak
   410 | D        | Acquired Okawaru's first power
   410 | D        | Reached skill level 11 in Bows
   410 | D        | Reached XP level 5. HP: 53/53 MP: 4/4
   417 | D        | Killed an ogre
   417 | D        | Reached skill level 12 in Bows
   417 | D        | Reached skill level 5 in Unarmed Combat
   417 | D        | Reached XP level 6. HP: 62/62 MP: 5/5
   420 | D        | Killed a killer bee
   424 | D        | Killed a hippogriff
   424 | D        | Reached skill level 13 in Bows
   424 | D        | Reached XP level 7. HP: 30/70 MP: 5/5
   608 | D        | Noticed a trapdoor spider
   624 | D        | Killed a trapdoor spider
   624 | D        | Reached skill level 10 in Fighting
   806 | D        | Noticed a wyvern
   806 | D        | Noticed a soldier ant
   806 | D        | Noticed a crimson imp
   806 | D        | Noticed a tengu warrior
   806 | D        | Noticed a two-headed ogre
   806 | D        | Noticed a giant frog
   818 | D        | Killed a giant frog
   818 | D        | Reached skill level 14 in Bows
   823 | D        | Killed a two-headed ogre
   827 | D        | Killed a crimson imp
   848 | D        | HP: 2/74 [tengu warrior/great sword (3)]
   858 | D        | Killed a tengu warrior
   858 | D        | Reached skill level 16 in Bows
   858 | D        | Reached XP level 8. HP: 13/85 MP: 6/6
  1210 | D        | Killed a soldier ant
  1233 | D        | Killed a wyvern
  1550 | D        | Noticed a spiny frog
  1550 | D        | Noticed a komodo dragon
  1550 | D        | Noticed a crocodile
  1550 | D        | Noticed a yak
  1550 | D        | Noticed a crocodile
  1550 | D        | Noticed a komodo dragon
  1559 | D        | Noticed a black mamba
  1564 | D        | Killed a komodo dragon
  1564 | D        | Received a gift from Okawaru
  1564 | D        | Reached skill level 17 in Bows
  1564 | D        | Reached skill level 1 in Armour
  1564 | D        | Reached XP level 9. HP: 69/93 MP: 4/7
  1565 | D        | Killed a crocodile
  1572 | D        | Killed a yak
  1579 | D        | Killed a crocodile
  1586 | D        | Killed a komodo dragon
  1604 | D        | Killed a spiny frog
  1604 | D        | Reached skill level 18 in Bows
  1611 | D        | HP: 4/94 [poisoned by a black mamba]
  1611 | D        | Slain by a black mamba

Action                   |  1- 3 |  4- 6 |  7- 9 || total
-------------------------+-------+-------+-------++-------
Melee: Unarmed           |       |    22 |    34 ||    56
       Short sword       |       |       |     2 ||     2
 Fire: Shortbow          |    25 |       |    84 ||   109
Invok: Heroism           |       |       |     1 ||     1
  Use: Scroll            |     1 |       |       ||     1
       Potion            |       |     1 |     7 ||     8
